 Dungeon Crawl Stone Soup version 0.22.1-1-ga44c0e5 (webtiles) character file.

221 Iscandelvey the Insei (level 5, 0/40 HPs)
             Began as a Demigod Transmuter on Oct 25, 2018.
             Slain by a gnoll
             ... wielding a +0 spear
              (5 damage)
             ... on level 3 of the Dungeon.
             The game lasted 00:11:53 (4367 turns).

Iscandelvey the Insei (Demigod Transmuter)          Turns: 4367, Time: 00:11:54

Health: 0/40       AC:  2    Str: 13    XL:     5   Next: 38%
Magic:  10/12      EV: 13    Int: 19    God:
Gold:   130        SH:  0    Dex: 16    Spells: 4/10 levels left

rFire    . . .     SeeInvis .     - Unarmed
rCold    . . .     Gourm    .   (no shield)
rNeg     . . .     Faith    .   b - +0 robe
rPois    .         Spirit   .   (no helmet)
rElec    .         Reflect  .   (no cloak)
rCorr    .         Harm     .   (no gloves)
MR       .....                  (no boots)
Stlth    ++........             (no amulet)
HPRegen  0.13/turn              (no ring)
MPRegen  0.13/turn              (no ring)

@: no status effects
A: high mp 1
a: no special abilities


You were on level 3 of the Dungeon.
You were hungry.

You visited 1 branch of the dungeon, and saw 4 of its levels.

You collected 130 gold pieces.

Inventory:

Missiles
 a - 90 arrows
 j - 136 stones (quivered)
Armour
 b - a +0 robe (worn)
Jewellery
 c - an uncursed ring of magical power {unknown}
 k - an uncursed amulet of regeneration {unknown}
Scrolls
 e - 2 scrolls of magic mapping {unknown}
 g - 3 scrolls of teleportation {unknown}
 h - a scroll of enchant armour {unknown}
 l - 2 scrolls of identify {unknown}
 o - 2 scrolls of remove curse {unknown}
Potions
 f - a potion of brilliance {unknown}
 i - a potion of flight {unknown}
 m - a potion of might {unknown}
 n - 2 potions of magic {unknown}
 p - a potion of degeneration {unknown}
 q - 2 potions of lignification {unknown}
 r - a potion of berserk rage {unknown}
Comestibles
 d - 10 rations


   Skills:
 + Level 1.2 Fighting
 + Level 2.4 Dodging
 + Level 1.0 Stealth
 + Level 3.7 Unarmed Combat
 * Level 3.0 Spellcasting
 * Level 2.9 Transmutations
 + Level 0.4 Poison Magic


You had 4 spell levels left.
You knew the following spells:

 Your Spells              Type           Power        Failure   Level  Hunger
a - Beastly Appendage     Tmut           ##....       4%          1    None
b - Sticks to Snakes      Tmut           ##......     7%          2    ##.....
c - Spider Form           Tmut/Pois      #.........   22%         3    ###....

Your spell library contained the following spells:

 Spells                   Type           Power        Failure   Level  Hunger
 Ice Form                 Ice/Tmut       #.......     63%         4    ####...
 Blade Hands              Tmut           ##........   77%         5    ######.


Dungeon Overview and Level Annotations

Branches:
Dungeon (4/15)
 Temple: D:4-7

Annotations:
D:4 Pikel


Innate Abilities, Weirdness & Mutations

You have an increased reservoir of magic. (+10% MP)


Message History

There is a stone staircase leading down here.
You climb downwards.
Level annotation: Pikel The gnoll barely misses you. x2; The gnoll completely misses you. x2
The gnoll hits you with a halberd!
There is a stone staircase leading up here.
The gnoll closely misses you. x2; The gnoll hits you with a spear!
You climb upwards.
There is a stone staircase leading down here.
You hit the gnoll but do no damage.
The gnoll is poisoned.
The gnoll completely misses you. The gnoll misses you.
You hit the gnoll.
The gnoll is moderately wounded.
The gnoll hits you.
The gnoll hits you from afar with a halberd!
* * * LOW HITPOINT WARNING * * *
Your transformation has ended.
Your +0 robe unmelds from your body.
The gnoll hits you from afar with a spear.
You die...

# #.# #.###.#.##..##. #.# #.#
#.......##. #.# #.###...######. #
#.# #.....### ##' ## #.# ###.###
##.. .## #.### #.##### ##... ..##
#.#.## #..##.###....
...###....###########....#.#.....
...'..........gg@gg..............
...###....###########.....##.....
..## #.#.## ##..#.#.#.... .##
#.### #.#...##.... ## #.#
#....###.#.. # #.# #........##+
######.# ##.########. .......#
###.##### #. .####### #.......#
##.


You could see 4 gnolls.

Vanquished Creatures
  A phantom (D:3)
  A centaur skeleton (D:2)
  3 adders
  3 worms
  3 dart slugs
  A giant cockroach (D:3)
  8 goblins
  9 hobgoblins
  12 jackals (D:3)
  2 quokkas
  3 ball pythons
  7 bats
  3 frilled lizards
  6 kobolds
  5 rats
67 creatures vanquished.

Notes
Turn   | Place    | Note
-------+----------+-------------------------------------------
     0 | D:1      | Iscandelvey the Demigod Transmuter began the quest for the
                  | Orb.
     0 | D:1      | Reached XP level 1. HP: 15/15 MP: 5/5
   402 | D:1      | Reached XP level 2. HP: 22/22 MP: 5/7
  1681 | D:2      | Reached XP level 3. HP: 27/27 MP: 9/9
  2102 | D:1      | Learned a level 2 spell: Sticks to Snakes
  2106 | D:1      | Learned a level 3 spell: Spider Form
  2338 | D:2      | Reached skill level 1 in Fighting
  2345 | D:2      | Reached XP level 4. HP: 18/35 MP: 10/10
  2933 | D:3      | Noticed a phantom
  3986 | D:3      | Found a snail-covered altar of Cheibriados.
  4219 | D:3      | Killed a phantom
  4219 | D:3      | Reached skill level 1 in Stealth
  4219 | D:3      | Reached XP level 5. HP: 26/40 MP: 7/12
  4328 | D:4      | Noticed a slave
  4330 | D:4      | Noticed a slave
  4332 | D:4      | Noticed Pikel
  4367 | D:3      | Slain by a gnoll

Skill      XL: |  1  2  3  4 |
---------------+-------------+-----
Spellcasting   | 2 3 |  3.0
Dodging        | 2 |  2.4
Transmutations | 2 |  2.9
Unarmed Combat | 3 |  3.7
Fighting       | 1 |  1.2
Stealth        | 1 |  1.0
Poison Magic   | |  0.4

Action                   |  1- 3 |  4- 6 || total
-------------------------+-------+-------++-------
Melee: Unarmed           |   128 |   139 ||   267
       Kick              |    10 |     4 ||    14
       Headbutt          |    11 |    14 ||    25
 Cast: Beastly Appendage |    33 |    14 ||    47
       Spider Form       |     1 |     6 ||     7
 Stab: Sleeping          |     3 |     1 ||     4
  Eat: Chunk             |     5 |     7 ||    12
Armor: Robe              |    30 |    14 ||    44
       Skin              |       |     1 ||     1
Dodge: Dodged            |   108 |    93 ||   201
